 Dungeon Crawl Stone Soup version 0.28.0-45-g0d030f2227 (webtiles) character file.

Game seed: 10302990096565258281

21 Lethiferous the Skirmisher (level 2, 27/27 HPs)
             Began as a Minotaur Fighter on Apr 18, 2022.
             Quit the game on level 1 of the Dungeon.
             The game lasted 00:04:10 (1034 turns).

Lethiferous the Skirmisher (Minotaur Fighter)       Turns: 1034, Time: 00:04:11

Health: 27/27      AC:  8    Str: 20    XL:     2   Next: 65%
Magic:  1/1        EV:  9    Int:  5    God:
Gold:   14         SH:  4    Dex:  9    Spells: 1/1 levels left

rFire   . . .      SeeInvis .   a - +0 long sword
rCold   . . .      Faith    .   c - +0 buckler
rNeg    . . .      Spirit   .   b - +0 scale mail
rPois   .          Reflect  .   (helmet restricted)
rElec   .          Harm     .   (no cloak)
rCorr   .          Rampage  .   (no gloves)
Will    .....                   e - +0 pair of boots
Stlth   ..........              (no amulet)
HPRegen 0.09/turn               (no ring)
MPRegen 0.07/turn               (no ring)

@: no status effects
A: horns 2, retaliatory headbutt
a: no special abilities


You were on level 1 of the Dungeon.
You visited 1 branch of the dungeon, and saw 1 of its levels.

You collected 14 gold pieces.

Inventory:

Hand Weapons
 a - a +0 long sword (weapon)
Armour
 b - a +0 scale mail (worn)
 c - a +0 buckler (worn)
 e - a +0 pair of boots (worn)
Scrolls
 g - 3 scrolls of fog {unknown}
 h - a scroll of magic mapping {unknown}
Potions
 d - a potion of might
 f - a potion of attraction {unknown}


   Skills:
 + Level 3.9 Fighting
 * Level 3.1 Long Blades
 + Level 3.9 Armour
 + Level 3.9 Shields


You had one spell level left.
You didn't know any spells.
Your spell library was empty.

Dungeon Overview and Level Annotations

Branches:
Dungeon (1/15)

Altars:


Innate Abilities, Weirdness & Mutations

You have a pair of horns on your head.
You reflexively headbutt those who attack you in melee.


Message History

The bat hits you but does no damage.
You slash the bat!
You kill the bat!
Items here: ( ) ††.
A hobgoblin comes into view.
The hobgoblin shouts!
You hit the hobgoblin.
You kill the hobgoblin!
You see here a hobgoblin corpse.
A hobgoblin comes into view.
The hobgoblin shouts!
You hit the hobgoblin. Your headbutt misses the hobgoblin.
The hobgoblin is severely wounded.
The hobgoblin hits you.
You hit the hobgoblin.
You kill the hobgoblin!
A goblin comes into view. It is wielding a +0 club.
A goblin is nearby!
The goblin shouts!
You slash the goblin!
You kill the goblin!
You see here a +0 club.
HP restored.
Found a stone staircase leading down.
There is a stone staircase leading down here.
As you open the door, it creaks loudly!
You enter the shallow water.
Moving in this stuff is going to be slow.
You open the door.
A goblin comes into view. It is wielding a +0 dagger.
You closely miss the goblin. The goblin closely misses you.
You slash the goblin!
You kill the goblin!
There is an open door here.
You see here a +0 dagger.
You open the door.
Done exploring.
Done exploring.
Unknown command.
Are you sure you want to abandon this character and quit the game? (Confirm with "yes".)

##.#####.##.......###
#.# #.##.###......
#.# #.##.# #.#....
#.# #.##.# #.#####
#.# #..#.# #....# #.#
##.#÷######.#
#.######..........#
#.#....##.##########
#.'@...)............
###....###.######.##
#....# #.#≈≈≈≈♣.♣≈
#....# #.#≈...♣.♣.
#....# #.#≈.P.....
#....# #.#≈PPP...♣
#....# #.#♣.P.....
###### #..≈....<..
#.#♣.P.....


There were no monsters in sight!

Vanquished Creatures
  A ball python (D:1)
  2 endoplasms (D:1)
  3 goblins (D:1)
  5 hobgoblins (D:1)
  2 jackals (D:1)
  2 bats (D:1)
  A frilled lizard (D:1)
  A kobold (D:1)
  A rat (D:1)
18 creatures vanquished.

Vanquished Creatures (others)
  5 toadstools (D:1)
5 creatures vanquished.

Grand Total: 23 creatures vanquished

Notes
Turn   | Place    | Note
-------+----------+-------------------------------------------
     0 | D:1      | Lethiferous the Minotaur Fighter began the quest for the
                  | Orb.
     0 | D:1      | Reached XP level 1. HP: 19/19 MP: 0/0
   504 | D:1      | Found a faded altar of an unknown god.
   568 | D:1      | Reached XP level 2. HP: 27/27 MP: 1/1
  1034 | D:1      | Quit the game

Illustrated notes

Levels and vault maps discovered:
D:1:      ldierk_walled_garden, layout_basic,
          ebering_ecumenical_altar_sacrificial

Skill      XL: |  1  2 |
---------------+-------+-----
Long Blades    | 3 |  3.1
Fighting       | |  3.9
Armour         | |  3.9
Shields        | |  3.9

Action                   || total
-------------------------++-------
Melee: Long sword        ||    45
       Headbutt          ||     3
Armor: Scale mail        ||    28
Dodge: Dodged            ||    16
Block: Buckler           ||     6
